 Dungeon Crawl Stone Soup version 0.24-a0-639-gb70a11d811 (webtiles) character file.

Game seed: 10164525926047173552, levelgen mode: deterministic

457 Desmondeus the Chopper (level 7, 0/60 HPs)
             Began as a Hill Orc Fighter on Sept 22, 2019.
             Was an Initiate of Okawaru.
             Succumbed to a worker ant's poison
             ... on level 4 of the Dungeon.
             The game lasted 00:18:24 (2696 turns).

Desmondeus the Chopper (Hill Orc Fighter)           Turns: 2696, Time: 00:18:25

Health: 0/60       AC:  7    Str: 20    XL:     7   Next: 6%
Magic:  7/7        EV:  8    Int:  8    God:    Okawaru [......]
Gold:   196        SH:  9    Dex: 11    Spells: 6/6 levels left

rFire    . . .     SeeInvis .   a - +0 war axe
rCold    + . .     Gourm    .   c - +0 shield
rNeg     . . .     Faith    .   b - +0 scale mail
rPois    .         Spirit   .   (helmet restricted)
rElec    +         Reflect  .   (no cloak)
rCorr    .         Harm     .   (no gloves)
MR       .....                  (no boots)
Stlth    +.........             q - amulet of the acrobat
HPRegen  0.20/turn              p - ring of stealth
MPRegen  0.10/turn              v - ring of protection from cold

@: lethally poisoned (0 -> -9), hasted, very quick
A: antennae 1, electricity resistance
a: Renounce Religion


You were on level 4 of the Dungeon.
You worshipped Okawaru.
Okawaru was noncommittal.
You were not hungry.

You visited 1 branch of the dungeon, and saw 4 of its levels.

You collected 196 gold pieces.

Inventory:

Hand Weapons
 a - a +0 war axe (weapon)
Armour
 b - a +0 scale mail (worn)
 c - a +0 shield (worn)
 i - a +0 helmet
 y - a +0 ring mail
Jewellery
 p - a ring of stealth (left hand)
 q - an amulet of the acrobat (around neck)
 v - a ring of protection from cold (right hand)
 w - an uncursed ring of stealth
Scrolls
 e - a scroll of identify
 h - 3 scrolls of noise {unknown}
 j - a scroll of teleportation {unknown}
 m - 3 scrolls of fog
 o - 2 scrolls of remove curse {unknown}
 r - a scroll of immolation {unknown}
 t - 2 scrolls of enchant armour {unknown}
 u - a scroll of amnesia {unknown}
 x - 3 scrolls of blinking {unknown}
Potions
 d - 2 potions of might
 g - a potion of lignification
 z - a potion of brilliance
Comestibles
 f - 3 rations


   Skills:
 + Level 4.7 Fighting
 + Level 6.7 Axes
 + Level 4.3 Armour
 + Level 1.3 Dodging
 + Level 0.3 Stealth
 + Level 4.7 Shields


You had 6 spell levels left.
You didn't know any spells.
Your spell library was empty.

Dungeon Overview and Level Annotations

Branches:
Dungeon (4/15)
 Temple: D:4-7

Altars:
Ashenzari
Okawaru
Qazlal

Annotations:
D:3 Natasha


Innate Abilities, Weirdness & Mutations

You have a pair of small antennae on your head.
You are resistant to electric shocks. (rElec)


Message History

You feel clever all of a sudden.
* * * LOW HITPOINT WARNING * * *
You feel sick.
It was a potion of mutation.
You feel extremely strange.
You feel insulated. A pair of antennae grows on your head!
Your +0 helmet falls away!
* * * LOW HITPOINT WARNING * * *
You feel sick.
It was a potion of resistance.
You feel protected.
* * * LOW HITPOINT WARNING * * *
You feel sick.
It was a potion of cancellation.
Your magical effects are unravelling.
You feel magically purged.
You feel a little less clever now.
Your resistance to elements expires.
* * * LOW HITPOINT WARNING * * *
You feel sick.
It was a potion of haste.
You feel yourself speed up.
You die...

#†.......#
##.......#
#.>.....#
##......#
#......#
#......#
#......#
########......#
#...@.........#
#........######
#........#
#........#
#........#
#........#
##########


There were no monsters in sight!

Vanquished Creatures
  Sigmund (D:2)
  2 hounds (D:4)
  Natasha (twice) (D:3)
  An orc wizard (D:3)
  A worker ant (D:4)
  3 gnolls (D:3)
  4 adders
  3 worms (D:3)
  2 dart slugs
  3 leopard geckos
  9 orcs (D:3)
  2 giant cockroaches (D:1)
  4 goblins
  6 hobgoblins
  A quokka (D:3)
  A ball python (D:2)
  11 bats
  2 frilled lizards
  8 kobolds
  4 rats (D:1)
70 creatures vanquished.

Notes
Turn   | Place    | Note
-------+----------+-------------------------------------------
     0 | D:1      | Desmondeus the Hill Orc Fighter began the quest for the
                  | Orb.
     0 | D:1      | Reached XP level 1. HP: 19/19 MP: 1/1
   302 | D:1      | Reached XP level 2. HP: 21/27 MP: 2/2
   527 | D:1      | Reached skill level 3 in Axes
   742 | D:1      | Reached XP level 3. HP: 33/33 MP: 3/3
  1117 | D:2      | Noticed Sigmund
  1128 | D:2      | Killed Sigmund
  1128 | D:2      | Reached skill level 5 in Axes
  1128 | D:2      | Reached skill level 1 in Dodging
  1128 | D:2      | Reached XP level 4. HP: 32/41 MP: 4/4
  1128 | D:2      | Reached XP level 5. HP: 37/47 MP: 5/5
  1298 | D:2      | Found an iron altar of Okawaru.
  1306 | D:2      | Became a worshipper of Warmaster Okawaru
  1563 | D:3      | Reached XP level 6. HP: 37/53 MP: 6/6
  1648 | D:3      | Found a shattered altar of Ashenzari.
  1825 | D:3      | Noticed Natasha
  1832 | D:3      | Killed Natasha
  1909 | D:3      | Found a stormy altar of Qazlal.
  2079 | D:3      | Noticed Natasha
  2088 | D:3      | Killed Natasha
  2216 | D:3      | Reached skill level 6 in Axes
  2479 | D:3      | Noticed Natasha
  2657 | D:4      | Reached XP level 7. HP: 24/60 MP: 7/7
  2693 | D:4      | Gained mutation: You are resistant to electric shocks.
                  | (rElec) [potion of mutation]
  2693 | D:4      | Gained mutation: You have a pair of small antennae on your
                  | head. [potion of mutation]
  2694 | D:4      | HP: 3/60 [poisoned by a worker ant]
  2695 | D:4      | HP: 1/60 [poisoned by a worker ant]
  2696 | D:4      | Succumbed to a worker ant's poison

Levels and vault maps discovered:
D:1:      dpeg_arrival_rooms_a, layout_loops_corners
D:2:      layout_rooms, nicolae_overflow_crystal_walls, uniq_sigmund
D:3:      layout_basic, ashenzari_conservatory_becter, chequers_jeans,
          grunt_qazlal_clouds, uniq_natasha
D:4:      layout_basic, makhleb_altar_promises_db, kennysheep_mini_moat,
          kennysheep_mini, kennysheep_okawaru_gauntlet, uniq_menkaure, uniq_ijyb

Skill      XL: |  1  2  3  4  5  6 |
---------------+-------------------+-----
Axes           | 3 5 6 |  6.7
Fighting       | 4 |  4.7
Dodging        | 1 |  1.3
Shields        | 4 |  4.7
Armour         | 4 |  4.3
Stealth        | |  0.3

Action                   |  1- 3 |  4- 6 |  7- 9 || total
-------------------------+-------+-------+-------++-------
Melee: War axe           |   104 |   142 |    20 ||   266
  Use: Scroll            |       |     5 |       ||     5
       Potion            |       |     2 |     6 ||     8
  Eat: Ration            |       |     2 |       ||     2
Armor: Scale mail        |    83 |    76 |     6 ||   165
Dodge: Dodged            |    35 |    52 |     3 ||    90
Block: Shield            |    69 |    89 |    12 ||   170

Table legend:
 A = Non-vault XP
 B = Vault XP
 C = Vault XP percentage of total XP
 D = Non-vault monster count
 E = Vault monster count
 F = Vault count percentage of total count
                 A         B        C        D         E       F
            +---------+---------+-------+---------+---------+-------
      Total |     405 |     248 |  38.0 |      68 |       2 |   2.9
            +---------+---------+-------+---------+---------+-------
        D:1 |      39 |       0 |   0.0 |      25 |       0 |   0.0
        D:2 |      35 |     212 |  85.8 |      13 |       1 |   7.1
        D:3 |     195 |      36 |  15.6 |      25 |       1 |   3.8
        D:4 |     136 |       0 |   0.0 |       5 |       0 |   0.0
            +---------+---------+-------+---------+---------+-------
